[Event "Titled Tuesday Blitz April 12 Late 2022"]
[White "Caruana, Fabiano"]
[Black "Migot, Tangi"]
[WhiteFideId "2020009"]
[BlackFideId "662445"]
[WhiteElo "2744"]
[BlackElo "2535"]
[Result "1-0"]
[Round "01"]
[TimeControl "180+1"]
[Date "2022.04.12"]
[WhiteClock "0:00:21"]
[BlackClock "0:00:09"]

1. e4 c5 2. Nf3 a6 3. c4 e6 4. Nc3 b6 5. d4 cxd4 6. Nxd4 Bb7 7. Be2 d6 8. O-O Nd7 9. Be3 Rc8 10. Rc1 Ngf6 11. f3 Be7 12. Qd2 O-O 13. Rfd1 Re8 14. Bf1 d5 15. cxd5 exd5 16. exd5 Bb4 17. a3 Nxd5 18. Bg5 Bxc3 19. bxc3 Qc7 20. c4 N5f6 21. Kh1 h6 22. Bh4 Qc5 23. Qb4 Re3 24. Qxc5 bxc5 25. Nf5 Re6 26. Nd6 Rc7 27. Nxb7 Rxb7 28. Bd3 Re3 29. Bf2 Re8 30. Rb1 Reb8 31. Rxb7 Rxb7 32. Rb1 Rxb1+ 33. Bxb1 Kf8 34. Kg1 Ke7 35. Bg3 Ke6 36. Bd3 Ne5 37. Bf1 Nh5 38. Bf2 Kd6 39. Be3 g5 40. Kf2 f5 41. g3 f4 42. Bd2 fxg3+ 43. hxg3 Nf6 44. Ke3 h5 45. Be1 g4 46. f4 Nf3 47. Bc3 Ke6 48. Bg2 Ne1 49. Bxe1 1-0


[Site "https://www.chess.com"]

[Event "Titled Tuesday Blitz April 12 Late 2022"]
[White "Chyngyz, Sultai"]
[Black "Wieczorek, Oskar"]
[WhiteFideId "13803158"]
[BlackFideId "1133950"]
[WhiteElo "1365"]
[BlackElo "2319"]
[Result "0-1"]
[Round "01"]
[TimeControl "180+1"]
[Date "2022.04.13"]
[WhiteClock "0:01:24"]
[BlackClock "0:01:03"]

1. e4 c5 2. Nf3 g6 3. d4 cxd4 4. Nxd4 Nc6 5. c4 Nf6 6. Nc3 d6 7. f3 Nxd4 8. Qxd4 Bg7 9. Qd1 O-O 10. Be3 Be6 11. Be2 Qa5 12. O-O Rfc8 13. Nd5 Nxd5 14. cxd5 Bd7 15. Qb3 Ba4 16. Qa3 Rc2 17. Bd1 Bxb2 18. Qd3 Rc3 19. Qd2 Bxa1 20. Bxa4 Qxa4 21. Rxa1 Rc2 22. Qd3 Qc4 23. Qxc4 Rxc4 24. Rb1 b6 25. Rb2 Rac8 26. h3 Ra4 27. Kh2 f5 28. exf5 gxf5 29. Bg5 Kf7 30. Re2 Rc7 31. Kg3 Rd4 32. f4 Rxd5 33. Kh4 Rdc5 34. Kh5 Rc2 35. Re3 Rxg2 36. Kh6 d5 37. Kxh7 d4 38. Re5 e6 39. h4 Rd7 40. h5 d3 41. Re1 d2 42. Rd1 Rf2 43. a3 Re2 44. a4 Re1 45. Rxd2 Rxd2 46. a5 bxa5 47. Bh6 Rh2 48. Bg5 Rxh5+ 49. Bh6 Rxh6+ 50. Kxh6 Re4 51. Kg5 a4 52. Kh6 a3 53. Kh7 a2 54. Kh6 a1=N 55. Kh7 a5 56. Kh6 a4 57. Kg5 a3 58. Kh4 Nb3 59. Kg3 a2 60. Kf3 a1=B 61. Kf2 Rxf4+ 62. Kg3 Rf3+ 63. Kxf3 Kf6 64. Kf4 e5+ 65. Ke3 e4 66. Kf4 Be5+ 67. Ke3 Na5 68. Kf2 f4 69. Ke2 Kf5 70. Kf1 Kg4 71. Kf2 e3+ 72. Ke2 Nc6 73. Kd3 Bh8 74. Ke4 Nd4 75. Kd5 e2 76. Kc4 e1=R 77. Kd3 Rh1 78. Ke4 f3 79. Kd3 f2 80. Ke3 f1=Q 81. Kd2 Qd3+ 82. Kxd3 Kf3 83. Kd2 Ke4 84. Kc3 Ke3 85. Kc4 Rc1+ 86. Kd5 Kd3 87. Kd6 Ke4 88. Ke7 Ke5 89. Kf7 Rc7+ 90. Kg6 Bf6 91. Kh5 Kf5 92. Kh6 Nf3 93. Kh5 Ng5 94. Kh4 Be5 95. Kh5 Rg7 96. Kh4 Bb8 97. Kh5 Rg6 98. Kh4 Bd6 99. Kh5 Rh6+ 100. Kxh6 Be5 101. Kh5 Bg3 102. Kh6 Ne6 103. Kh5 Ng7+ 104. Kh6 Kf6 105. Kh7 Kf7 106. Kh6 Bf4+ 107. Kh7 Ne6 108. Kh8 Be3 109. Kh7 Nf8+ 0-1


[Site "https://www.chess.com"]

[Event "Titled Tuesday Blitz April 12 Late 2022"]
[White "Constantinou, Peter"]
[Black "Kamsky, Gata"]
[WhiteFideId "413038"]
[BlackFideId "2000024"]
[WhiteElo "2230"]
[BlackElo "2645"]
[Result "0-1"]
[Round "01"]
[TimeControl "180+1"]
[Date "2022.04.12"]
[WhiteClock "0:00:22"]
[BlackClock "0:00:55"]

1. b3 d5 2. Bb2 Bf5 3. d3 e6 4. Nf3 Nf6 5. Nh4 Bg6 6. Nxg6 hxg6 7. g3 a5 8. a3 a4 9. b4 c5 10. bxc5 Bxc5 11. e3 Nbd7 12. Nd2 Qa5 13. Bg2 b5 14. O-O O-O 15. c4 b4 16. cxd5 exd5 17. axb4 Bxb4 18. Nf3 a3 19. Bd4 Bc3 20. Ra2 Rfb8 21. Bxc3 Qxc3 22. Qd2 Qxd2 23. Nxd2 Rb2 24. Rfa1 Rc8 25. Nf3 Rxa2 26. Rxa2 Rc3 27. Kf1 Nc5 28. Ke2 Nxd3 29. Kd2 Ne4+ 0-1


[Site "https://www.chess.com"]

[Event "Titled Tuesday Blitz April 12 Late 2022"]
[White "Curtis, John"]
[Black "Koelle, Tobias"]
[WhiteFideId "3200256"]
[BlackFideId "16207378"]
[WhiteElo "2203"]
[BlackElo "2541"]
[Result "0-1"]
[Round "01"]
[TimeControl "180+1"]
[Date "2022.04.13"]
[WhiteClock "0:00:21"]
[BlackClock "0:00:48"]

1. e4 c6 2. d3 g6 3. g3 Bg7 4. Bg2 d5 5. Nd2 Nf6 6. Qe2 O-O 7. Ngf3 Na6 8. a3 Qc7 9. O-O e5 10. b4 d4 11. Bb2 Nd7 12. c3 dxc3 13. Bxc3 Re8 14. Rad1 c5 15. b5 Nab8 16. Rc1 a6 17. a4 axb5 18. axb5 Nb6 19. Nc4 Nxc4 20. dxc4 Nd7 21. Ra1 Rxa1 22. Rxa1 Nf8 23. Nd2 Ne6 24. Nf1 Nd4 25. Qb2 f5 26. exf5 gxf5 27. Ne3 f4 28. Nd5 Qd6 29. gxf4 exf4 30. h3 f3 31. Bf1 Qg6+ 32. Kh1 Ne2 33. Bxe2 fxe2 34. Rg1 Qxg1+ 35. Kxg1 e1=Q+ 36. Bxe1 Bxb2 37. Kf1 Bxh3+ 38. Kg1 Rxe1+ 39. Kh2 Be6 40. Ne3 Rxe3 41. fxe3 Bxc4 0-1


[Site "https://www.chess.com"]

[Event "Titled Tuesday Blitz April 12 Late 2022"]
[White "Dauner, Benedikt"]
[Black "Alekseenko, Kirill"]
[WhiteFideId "16225899"]
[BlackFideId "4135539"]
[WhiteElo "2230"]
[BlackElo "2682"]
[Result "0-1"]
[Round "01"]
[TimeControl "180+1"]
[Date "2022.04.12"]
[WhiteClock "0:00:05"]
[BlackClock "0:00:32"]

1. d4 d5 2. Nf3 Nf6 3. c3 Bf5 4. Qb3 Qc8 5. Bf4 e6 6. c4 c6 7. Nc3 Nbd7 8. cxd5 exd5 9. Rc1 Be7 10. e3 O-O 11. h3 Re8 12. Be2 Nf8 13. g4 Be4 14. g5 Nh5 15. Nxe4 Nxf4 16. exf4 dxe4 17. Ne5 Qf5 18. Nxf7 Qxf7 19. Bc4 Ne6 20. Bxe6 Bb4+ 21. Qxb4 Rxe6 22. Qd2 e3 23. fxe3 Qxf4 24. Rc3 Rae8 25. Ke2 Qxg5 26. Re1 Qh5+ 27. Kd3 Qxh3 28. Kc2 Qf5+ 29. Kc1 h5 30. Rc5 Qf3 31. Rg5 Rxe3 32. Reg1 R8e7 33. Qb4 Qf4 34. Kb1 Qe4+ 35. Kc1 Re1+ 36. Rxe1 Qxe1+ 37. Qxe1 Rxe1+ 38. Kd2 Rh1 39. Kc3 h4 40. Kc4 h3 41. Kc5 Rc1+ 42. Kd6 h2 43. Rh5 h1=Q 44. Rxh1 Rxh1 45. b4 Rh5 46. a4 Rd5+ 47. Kc7 Rxd4 48. Kxb7 Rxb4+ 49. Kxc6 Rxa4 50. Kb7 Rb4+ 51. Kxa7 g5 0-1


[Site "https://www.chess.com"]

[Event "Titled Tuesday Blitz April 12 Late 2022"]
[White "De Waele, Warre"]
[Black "Guzman Moneo, Alberto"]
[WhiteFideId "241156"]
[BlackFideId "2209616"]
[WhiteElo "2183"]
[BlackElo "2157"]
[Result "0-1"]
[Round "01"]
[TimeControl "180+1"]
[Date "2022.04.13"]
[WhiteClock "0:00:09"]
[BlackClock "0:00:18"]

1. c4 e6 2. Nc3 d5 3. d4 a6 4. cxd5 exd5 5. Nf3 c6 6. Bf4 Bd6 7. Bg5 Ne7 8. e3 O-O 9. Bd3 f6 10. Bh4 Bf5 11. O-O Qd7 12. Na4 Qc7 13. Nc5 Bxc5 14. dxc5 Nd7 15. Bg3 Ne5 16. Be2 Be4 17. Nd4 Nf5 18. Ne6 Qe7 19. Nxf8 Nxg3 20. hxg3 Rxf8 21. b4 Qf7 22. Qd4 Qg6 23. Rfd1 h5 24. f3 Bc2 25. Rd2 Ba4 26. Kf2 Re8 27. Rh1 Bb5 28. e4 dxe4 29. fxe4 Bxe2 30. Rxe2 Ng4+ 31. Kg1 Qg5 32. Qd2 Qe5 33. Rh3 g6 34. Re1 Kg7 35. Qd3 Re7 36. Qd6 Re6 37. Qxe5 Rxe5 38. Kf1 Kf7 39. Re2 Rg5 40. Ke1 Ne5 41. Kd2 Rg4 42. Kc3 Ke6 43. a4 a5 44. bxa5 Nd7 45. Kc4 f5 46. Rh1 Ne5+ 47. Kb3 fxe4 48. Rhe1 Kd5 49. Rd1+ Nd3 50. Re3 Kd4 51. Re2 g5 52. Rf1 Rxg3 53. Rf8 Nxc5+ 54. Kc2 Nxa4 55. Kd1 Nc3+ 56. Ke1 Nxe2 57. Kxe2 Rxg2+ 58. Kf1 Rg4 59. Rb8 Ke3 60. Rxb7 Rf4+ 61. Kg2 Rf2+ 62. Kg3 Ra2 63. Rg7 Rxa5 64. Rg6 Rf5 65. Rxc6 h4+ 66. Kg2 Rf4 67. Rc3+ Kd4 68. Ra3 g4 69. Ra4+ Ke5 70. Ra5+ Ke6 71. Ra6+ Kf5 72. Ra5+ Kf6 73. Ra6+ Kg5 74. Ra5+ Rf5 75. Ra8 Kf4 76. Ra1 h3+ 77. Kh2 Kg5 78. Re1 Rf2+ 79. Kg3 Rf3+ 80. Kh2 Kf4 81. Ra1 Rf2+ 82. Kg1 e3 83. Ra4+ Kg3 84. Ra8 h2+ 85. Kh1 Rf1# 0-1


[Site "https://www.chess.com"]

[Event "Titled Tuesday Blitz April 12 Late 2022"]
[White "Federzoni, Enzo"]
[Black "Papasimakopoulos, Alexandros"]
[WhiteFideId "2173301"]
[BlackFideId "4244125"]
[WhiteElo "1956"]
[BlackElo "2340"]
[Result "0-1"]
[Round "01"]
[TimeControl "180+1"]
[Date "2022.04.13"]
[WhiteClock "0:01:13"]
[BlackClock "0:01:30"]

1. c4 f5 2. g3 Nf6 3. Bg2 g6 4. b3 Bg7 5. Bb2 O-O 6. Nh3 d6 7. d4 Nc6 8. Nf4 e5 9. dxe5 Ng4 10. Nc3 dxe5 11. Qxd8 Rxd8 12. Nfd5 Nd4 13. O-O-O c6 14. Ne7+ Kf7 15. Nxc8 Raxc8 16. e3 Ne6 17. Rxd8 Rxd8 18. Nd1 Nc5 19. Bf1 e4 20. Be2 Bxb2+ 21. Nxb2 Nxf2 22. Rf1 Nfd3+ 23. Nxd3 Nxd3+ 24. Bxd3 Rxd3 25. g4 Rxe3 26. gxf5 g5 27. Kd2 Rf3 28. Re1 Rf2+ 29. Ke3 Rxa2 30. Kxe4 Rxh2 31. Ke5 h5 32. Rd1 Re2+ 33. Kd4 Kf6 34. Kd3 Re7 35. Ra1 b6 36. Rf1 h4 0-1


[Site "https://www.chess.com"]

[Event "Titled Tuesday Blitz April 12 Late 2022"]
[White "Fedoseev, Vladimir"]
[Black "Pinheiro, Iung Alicio de O."]
[WhiteFideId "24130737"]
[BlackFideId "2104350"]
[WhiteElo "2726"]
[BlackElo "2544"]
[Result "1-0"]
[Round "01"]
[TimeControl "180+1"]
[Date "2022.04.12"]
[WhiteClock "0:01:38"]
[BlackClock "0:00:13"]

1. e4 c5 2. Nf3 Nc6 3. d4 cxd4 4. Nxd4 Nf6 5. Nc3 e5 6. Ndb5 d6 7. Bg5 a6 8. Na3 b5 9. Bxf6 gxf6 10. Nd5 Bg7 11. Bd3 Ne7 12. c4 f5 13. Qf3 Nxd5 14. cxd5 O-O 15. exf5 e4 16. Bxe4 Qa5+ 17. Kf1 Re8 18. Re1 Bxb2 19. f6 Kh8 20. Qh5 Qxe1+ 21. Kxe1 Rxe4+ 22. Kf1 Bxf6 23. Qf3 1-0


[Site "https://www.chess.com"]

[Event "Titled Tuesday Blitz April 12 Late 2022"]
[White "Garagulya, Konstantin"]
[Black "Tari, Aryan"]
[WhiteFideId "4128931"]
[BlackFideId "1510045"]
[WhiteElo "2329"]
[BlackElo "2567"]
[Result "1/2-1/2"]
[Round "01"]
[TimeControl "180+1"]
[Date "2022.04.12"]
[WhiteClock "0:00:18"]
[BlackClock "0:00:08"]

1. d4 Nf6 2. Nf3 d5 3. c4 c6 4. Qc2 dxc4 5. Qxc4 Bf5 6. e3 e6 7. Bd3 Bg6 8. O-O Be7 9. Rd1 O-O 10. Bxg6 hxg6 11. Nc3 Nbd7 12. e4 Rc8 13. Qe2 b5 14. Bf4 a5 15. Rac1 a4 16. a3 Qa5 17. d5 exd5 18. exd5 Rfe8 19. dxc6 Rxc6 20. Qxb5 Qxb5 21. Nxb5 Rb6 22. Nc7 Rf8 23. Rc2 Nc5 24. Be3 Rc8 25. Nd5 Nxd5 26. Rxd5 Rbc6 27. Ne5 R6c7 28. g3 Nb3 29. Rxc7 Rxc7 30. Rd7 Rxd7 31. Nxd7 Bd8 32. Kf1 f5 33. Ke2 Kf7 34. Kd3 Ke6 35. Nc5+ Nxc5+ 36. Bxc5 Kd5 37. Bd4 g5 38. Bxg7 g4 39. Bd4 Bg5 40. Bc3 Bd8 41. Bg7 Bb6 42. b3 axb3 43. Kc3 Bxf2 44. Kxb3 Bg1 45. Bh6 Bxh2 46. Bf4 Bg1 47. a4 Kc5 48. Bb8 Bh2 49. Bf4 Bg1 50. Kc3 Bd4+ 51. Kd3 Bg1 52. a5 Kb5 53. Bc7 Bf2 54. Ke2 Bxg3 55. Bxg3 Kxa5 56. Ke3 Kb5 57. Kf4 Ka4 58. Kxf5 Kb3 59. Kxg4 1/2-1/2


[Site "https://www.chess.com"]

[Event "Titled Tuesday Blitz April 12 Late 2022"]
[White "Gatterer, Florian"]
[Black "Seo, Jung Min"]
[WhiteFideId "811688"]
[BlackFideId "1734687"]
[WhiteElo "2218"]
[BlackElo "2401"]
[Result "0-1"]
[Round "01"]
[TimeControl "180+1"]
[Date "2022.04.13"]
[WhiteClock "0:00:01"]
[BlackClock "0:00:38"]

1. b3 d5 2. Nf3 c5 3. e3 a6 4. Bb2 Nc6 5. d4 cxd4 6. Nxd4 Nf6 7. Be2 g6 8. O-O Bg7 9. c4 O-O 10. cxd5 Qxd5 11. Nc3 Qd6 12. Nxc6 Qxc6 13. Bf3 Qb6 14. Rc1 Rd8 15. Na4 Qa5 16. Bc3 Rxd1 17. Bxa5 Rxf1+ 18. Kxf1 Nd7 19. Nb6 Nxb6 20. Bxb6 Be5 21. Bd4 Bxd4 22. exd4 Kf8 23. Rc7 Rb8 24. Ke1 Ke8 25. Kd2 Kd8 26. Rc3 Bd7 27. g3 b6 28. Ke3 a5 29. h4 h6 30. Kf4 b5 31. Ke3 Rb6 32. Rc5 a4 33. b4 a3 34. Rc3 Ra6 35. d5 Ra4 36. Rb3 Kc7 37. Kd4 Kd6 38. Be4 e5+ 39. Ke3 f5 40. Bg2 g5 41. hxg5 hxg5 42. f4 gxf4+ 43. gxf4 Ra8 44. fxe5+ Kxe5 45. d6 Ra6 46. Rc3 Be6 47. Rc5+ Kxd6 48. Rxb5 Bxa2 49. Rxf5 Be6 50. Rf1 a2 51. Ra1 Ra3+ 52. Kd4 Rg3 53. Be4 Rg4 54. Ke3 Ke5 55. Bd3 Rxb4 56. Kd2 Kd4 57. Kc2 Rb8 58. Bg6 Rg8 59. Bh7 Rg2+ 60. Kc1 Kc3 61. Bc2 Rxc2+ 62. Kd1 Rb2 0-1


[Site "https://www.chess.com"]

[Event "Titled Tuesday Blitz April 12 Late 2022"]
[White "Gharibyan, Mamikon"]
[Black "Melikhov, Evgeny V."]
[WhiteFideId "13308300"]
[BlackFideId "4122046"]
[WhiteElo "2254"]
[BlackElo "1931"]
[Result "1-0"]
[Round "01"]
[TimeControl "180+1"]
[Date "2022.04.13"]
[WhiteClock "0:00:14"]
[BlackClock "0:00:01"]

1. e4 e5 2. Nf3 Nc6 3. Bc4 Nf6 4. d3 Be7 5. O-O d6 6. h3 O-O 7. a4 Be6 8. Bxe6 fxe6 9. c3 Qd7 10. a5 a6 11. Re1 Bd8 12. d4 exd4 13. cxd4 Ne7 14. Nc3 c6 15. e5 Nfd5 16. exd6 Qxd6 17. Ng5 Bc7 18. g3 Nxc3 19. bxc3 h6 20. Ba3 Qd7 21. Nxe6 Rf7 22. Bxe7 Rxe7 23. Qb3 Kh8 24. Kg2 Rae8 25. Nc5 Qf5 26. Rxe7 Rxe7 27. Qxb7 Bxg3 28. Qa8+ Kh7 29. Kxg3 Qg5+ 30. Kh2 Qf4+ 31. Kg2 Qg5+ 32. Kf1 Qf5 33. Qxc6 Qxh3+ 34. Qg2 Qxc3 35. Rd1 Qxa5 36. Qf3 Qc7 37. Qf5+ Kh8 38. Kg2 Rf7 39. Qg4 Qc6+ 40. Kg1 Rf6 41. Kf1 Rg6 42. Qh3 Qb5+ 43. Qd3 Qc6 44. d5 Qf6 45. Ne6 1-0


[Site "https://www.chess.com"]

[Event "Titled Tuesday Blitz April 12 Late 2022"]
[White "Goryachkina, Aleksandra"]
[Black "Romero Ruscalleda, Josep"]
[WhiteFideId "4147103"]
[BlackFideId "2231859"]
[WhiteElo "2426"]
[BlackElo "2293"]
[Result "1-0"]
[Round "01"]
[TimeControl "180+1"]
[Date "2022.04.13"]
[WhiteClock "0:00:17"]
[BlackClock "0:00:20"]

1. e4 g6 2. d4 Bg7 3. Nc3 d6 4. Be3 a6 5. a4 Nc6 6. Nge2 e5 7. Qd2 exd4 8. Nxd4 Nge7 9. Be2 O-O 10. O-O f5 11. exf5 Bxd4 12. Bxd4 Nxf5 13. Bc4+ Rf7 14. Be3 Ne5 15. Bxf7+ Nxf7 16. f4 Bd7 17. Bd4 Bc6 18. b4 N7h6 19. b5 Bd7 20. Nd5 Be6 21. Nf6+ Kf7 22. Nxh7 Bc4 23. Rfe1 Qh4 24. Bf2 Qh5 25. Qc3 Ng4 26. Qxc4+ Kg7 27. Qxc7+ Kh6 28. h3 Nxf2 29. Nf6 Nxh3+ 30. gxh3 Qg5+ 31. fxg5+ Kxg5 32. Ne4+ Kf4 33. Nxd6 Kg5 34. Nxf5 gxf5 35. Qg3+ Kf6 36. Rad1 Rg8 37. Qxg8 1-0


[Site "https://www.chess.com"]

[Event "Titled Tuesday Blitz April 12 Late 2022"]
[White "Gracia Alvarez, Gerardo Antonio"]
[Black "Lashkin, Jegor"]
[WhiteFideId "5109124"]
[BlackFideId "13907808"]
[WhiteElo "2462"]
[BlackElo "2824"]
[Result "1/2-1/2"]
[Round "01"]
[TimeControl "180+1"]
[Date "2022.04.13"]
[WhiteClock "0:00:20"]
[BlackClock "0:00:14"]

1. e4 c5 2. Nc3 d6 3. d4 cxd4 4. Qxd4 Nc6 5. Qd2 g6 6. b3 Bh6 7. f4 Nf6 8. Bb2 O-O 9. O-O-O e5 10. Nge2 Re8 11. Kb1 Bg4 12. Qxd6 exf4 13. h3 Qxd6 14. Rxd6 Be6 15. Nc1 Nh5 16. Bb5 Red8 17. Rhd1 Rxd6 18. Rxd6 Rd8 19. Rxd8+ Nxd8 20. Nd5 Bg5 21. Ne2 f5 22. Ndc3 Kf7 23. Nd4 fxe4 24. Nxe4 Be7 25. Nxe6 Kxe6 26. Bc4+ Kd7 27. Be2 Ng3 28. Bg4+ Kc7 29. Be5+ Kc6 30. Nxg3 fxg3 31. Bxg3 Nf7 32. Bf3+ Kb6 33. Bf2+ Ka6 34. c4 b6 35. Kc2 Ne5 36. Be2 Kb7 37. Be3 Bf6 38. g4 Kc7 39. g5 Be7 40. h4 Bd6 41. h5 Nf7 42. hxg6 hxg6 43. Bd3 Be7 44. Bxg6 Nxg5 45. Kd3 Ne6 46. Bf5 Nc5+ 47. Kc3 a5 48. a3 Bf6+ 49. Kc2 Na6 50. Bd2 Be7 51. Kb2 Bd6 52. Be4 Be5+ 53. Bc3 Bd6 54. Bd3 Nc5 55. Bc2 Na6 56. Bd3 Nc5 57. Bc2 Na6 58. Bd3 1/2-1/2


[Site "https://www.chess.com"]

[Event "Titled Tuesday Blitz April 12 Late 2022"]
[White "Hardaway, Brewington"]
[Black "De Souza, Cristiano Gomes"]
[WhiteFideId "30941849"]
[BlackFideId "2151758"]
[WhiteElo "1768"]
[BlackElo "2068"]
[Result "1-0"]
[Round "01"]
[TimeControl "180+1"]
[Date "2022.04.13"]
[WhiteClock "0:00:50"]
[BlackClock "0:01:21"]

1. d4 Nf6 2. c4 g6 3. Nc3 Bg7 4. Nf3 d6 5. e4 O-O 6. Be2 e5 7. O-O Nc6 8. d5 Ne7 9. b4 Nh5 10. g3 f5 11. Ng5 Nf6 12. c5 a6 13. cxd6 cxd6 14. exf5 Bxf5 15. b5 h6 16. Ne6 Bxe6 17. dxe6 d5 18. bxa6 bxa6 19. Ba3 d4 20. Na4 Re8 21. Rb1 Qd5 22. Nb6 Qxe6 23. Nxa8 Rxa8 24. Qa4 Kh7 25. Bc4 Ned5 26. Rb7 Nc3 27. Bxe6 Nxa4 28. Bd6 e4 29. Be5 Nh5 30. g4 Re8 31. gxh5 Rxe6 32. Rxg7+ Kh8 33. Bxd4 gxh5 34. Rg6+ Kh7 35. Rxe6 1-0


[Site "https://www.chess.com"]

[Event "Titled Tuesday Blitz April 12 Late 2022"]
[White "Hnydiuk, Aleksander"]
[Black "Harish, Neeraj"]
[WhiteFideId "1109057"]
[BlackFideId "30958130"]
[WhiteElo "2374"]
[BlackElo "1574"]
[Result "1-0"]
[Round "01"]
[TimeControl "180+1"]
[Date "2022.04.13"]
[WhiteClock "0:01:47"]
[BlackClock "0:00:14"]

1. Nf3 d5 2. d4 Nf6 3. c4 c6 4. cxd5 cxd5 5. Nc3 Nc6 6. Bf4 Bf5 7. e3 e6 8. Be2 Be7 9. O-O O-O 10. Rc1 Rc8 11. a3 Nh5 12. Be5 f6 13. Bg3 Nxg3 14. hxg3 Qd7 15. b4 Rfd8 16. Qb3 Bg6 17. Rfd1 Bf7 18. Na4 b6 19. Bb5 Qd6 20. Rc3 Nb8 21. Rdc1 Rxc3 22. Rxc3 a6 23. Bf1 b5 24. Nc5 Nd7 25. a4 Nxc5 26. bxc5 b4 27. cxd6 1-0


[Site "https://www.chess.com"]

[Event "Titled Tuesday Blitz April 12 Late 2022"]
[White "Holt, Conrad"]
[Black "Bachmann, Axel"]
[WhiteFideId "2034387"]
[BlackFideId "3700488"]
[WhiteElo "2586"]
[BlackElo "2587"]
[Result "1-0"]
[Round "01"]
[TimeControl "180+1"]
[Date "2022.04.12"]
[WhiteClock "0:01:14"]
[BlackClock "0:00:12"]

1. d4 Nf6 2. c4 g6 3. Nc3 Bg7 4. e4 d6 5. Nf3 O-O 6. h3 e5 7. dxe5 dxe5 8. Qxd8 Rxd8 9. Bg5 Re8 10. Nd5 Nxd5 11. cxd5 c6 12. Bc4 h6 13. Be3 cxd5 14. Bxd5 Nc6 15. Ke2 Be6 16. Bxe6 Rxe6 17. Rhd1 Ree8 18. Rd7 Rab8 19. Rad1 Nd4+ 20. Bxd4 exd4 21. Kd3 Red8 22. Rc7 Rd6 23. Rdc1 Rb6 24. R1c2 Rd8 25. Nd2 Be5 26. Rc8 Rd6 27. R2c7 Rxc8 28. Rxc8+ Kg7 29. Nc4 Re6 30. Nxe5 Rxe5 31. Kxd4 Rb5 32. b3 a5 33. Rc5 Rb4+ 34. Kd3 a4 35. Rc4 Rxc4 36. Kxc4 axb3 37. axb3 Kf6 38. Kd5 Ke7 39. f4 Kd7 40. g4 h5 41. gxh5 gxh5 42. h4 Ke7 43. e5 Kd7 44. f5 Ke7 45. Kc5 Kd7 46. Kb6 Kc8 47. b4 Kb8 48. e6 fxe6 49. f6 Kc8 50. f7 Kd7 51. f8=Q 1-0


[Site "https://www.chess.com"]

[Event "Titled Tuesday Blitz April 12 Late 2022"]
[White "Horcajuelo Rocamora, Martin"]
[Black "Manolache, Marius"]
[WhiteFideId "24573027"]
[BlackFideId "1201530"]
[WhiteElo "1822"]
[BlackElo "2364"]
[Result "0-1"]
[Round "01"]
[TimeControl "180+1"]
[Date "2022.04.13"]
[WhiteClock "0:00:17"]
[BlackClock "0:00:34"]

1. e4 c5 2. Nf3 e6 3. d4 cxd4 4. Nxd4 a6 5. g3 d6 6. Bg2 Nf6 7. O-O Qc7 8. Nc3 Be7 9. Re1 O-O 10. Be3 Nc6 11. Nxc6 bxc6 12. Qd2 a5 13. e5 dxe5 14. Na4 Nd5 15. Bc5 Bxc5 16. Nxc5 Qb6 17. Nd3 f6 18. c4 Ne7 19. Qc3 Ra7 20. Rad1 Rd7 21. c5 Qc7 22. b3 Rfd8 23. Nb2 Nd5 24. Qc4 Kf7 25. Na4 Qa7 26. Bxd5 exd5 27. Qh4 Kg8 28. Nb6 Re7 29. a4 Be6 30. Rd3 Rde8 31. Qh5 Bf7 32. Qe2 d4 33. Rd2 Bd5 34. Qd3 h6 35. Rde2 Bf7 36. Kg2 Qc7 37. Qd2 Qa7 38. Qd3 h5 39. h4 g6 40. Kh2 Kg7 41. Qf3 Qc7 42. Qd3 Be6 43. Qd2 Qa7 44. Qd3 Bg4 45. f3 Bf5 46. Qd2 d3 47. Re3 Rd8 48. Nc4 Qxc5 49. Qxa5 Qxa5 50. Nxa5 d2 51. Rd1 Bc2 52. Nxc6 Bxd1 53. Nxd8 Bc2 0-1


[Site "https://www.chess.com"]

[Event "Titled Tuesday Blitz April 12 Late 2022"]
[White "Indjic, Aleksandar"]
[Black "Baches Garcia, Guillermo"]
[WhiteFideId "911925"]
[BlackFideId "2209764"]
[WhiteElo "2616"]
[BlackElo "2504"]
[Result "1-0"]
[Round "01"]
[TimeControl "180+1"]
[Date "2022.04.12"]
[WhiteClock "0:01:30"]
[BlackClock "0:00:17"]

1. d4 Nf6 2. c4 e6 3. Nc3 d5 4. Nf3 c5 5. e3 Nc6 6. a3 dxc4 7. Bxc4 a6 8. O-O b5 9. Ba2 Bb7 10. Qe2 Qc7 11. Rd1 cxd4 12. exd4 Be7 13. Bg5 O-O 14. Bxf6 Bxf6 15. d5 Ne5 16. Nxe5 Bxe5 17. dxe6 Bxh2+ 18. Kh1 fxe6 19. Rd7 Qc6 20. Rxb7 Qxb7 21. Kxh2 Rf6 22. Ne4 Rh6+ 23. Kg1 Rf8 24. Re1 Qe7 25. g3 Kh8 26. Qg4 Qa7 27. Kg2 Rg6 28. Qe2 Qd4 29. Rh1 h6 30. Bb1 e5 31. b4 Rc6 32. Rd1 Qa7 33. Qd3 Rc7 34. f3 Rcf7 35. Nd6 1-0


[Site "https://www.chess.com"]

[Event "Titled Tuesday Blitz April 12 Late 2022"]
[White "Janaszak, Dawid"]
[Black "Afshar, Niusha"]
[WhiteFideId "1119206"]
[BlackFideId "12509892"]
[WhiteElo "2199"]
[BlackElo "1862"]
[Result "1-0"]
[Round "01"]
[TimeControl "180+1"]
[Date "2022.04.13"]
[WhiteClock "0:00:53"]
[BlackClock "0:00:38"]

1. e4 c5 2. Nc3 Nc6 3. Bb5 d6 4. f4 Bd7 5. Nf3 a6 6. Bxc6 Bxc6 7. O-O Nf6 8. Qe1 e6 9. d4 Be7 10. e5 dxe5 11. fxe5 Nd5 12. Qg3 O-O 13. Bh6 g6 14. Bxf8 Bxf8 15. Ne4 Bg7 16. c3 Ne3 17. Nxc5 Nxf1 18. Rxf1 b6 19. Nd3 Bb5 20. Rd1 Qc7 21. Ng5 h6 22. Ne4 Rd8 23. Nd6 Bxd3 24. Qxd3 Bf8 25. Ne4 Kg7 26. Qxa6 Qc6 27. Qe2 Ra8 28. a3 Rd8 29. Qf3 Be7 30. Rf1 Rf8 31. h3 Qb5 32. Rf2 Qc4 33. Kh2 b5 34. g3 Qb3 35. Kg2 Qc4 36. h4 h5 37. Qe2 Qd5 38. Kh2 Rc8 39. Qf3 Rf8 40. Nf6 Qb3 41. g4 hxg4 42. Qxg4 Rh8 43. Kg2 Qc4 44. Qf4 Qc6+ 45. Kg1 Qc7 46. Ne8+ Rxe8 47. Qxf7+ Kh6 48. Qxe8 Bxh4 49. Qh8+ Kg5 50. Rg2+ Kf5 51. Qxh4 1-0


[Site "https://www.chess.com"]

[Event "Titled Tuesday Blitz April 12 Late 2022"]
[White "Janturin, Artur"]
[Black "Dimakiling, Oliver"]
[WhiteFideId "4130022"]
[BlackFideId "5202248"]
[WhiteElo "2363"]
[BlackElo "2426"]
[Result "0-1"]
[Round "01"]
[TimeControl "180+1"]
[Date "2022.04.13"]
[WhiteClock "0:00:02"]
[BlackClock "0:00:45"]

1. b3 Nf6 2. Bb2 d5 3. e3 a6 4. Nf3 Nc6 5. d4 g6 6. c4 Bg7 7. Nc3 e6 8. Be2 O-O 9. O-O Ne7 10. cxd5 exd5 11. Rc1 Re8 12. b4 c6 13. a4 Nf5 14. b5 axb5 15. axb5 Ne4 16. Nxe4 dxe4 17. Nd2 Bd7 18. bxc6 Bxc6 19. Nb3 Ra2 20. Bc3 Qg5 21. Kh1 Ba4 22. Rb1 Rc8 23. Be1 Rcc2 24. Bg4 h5 25. Bxf5 Qxf5 26. Rg1 h4 27. h3 Bf8 28. Qg4 Qxg4 29. hxg4 b6 30. Kh2 g5 31. Nc1 Rab2 32. Rxb2 Rxb2 33. Bc3 Rc2 34. Ba1 b5 35. d5 b4 36. Bd4 b3 37. Nxb3 Bxb3 38. Rb1 Bxd5 39. Rb5 Bd6+ 40. Kh3 Rc1 41. g3 hxg3 42. fxg3 Bc4 43. Rxg5+ Kf8 44. Ra5 Ke7 45. g5 Be2 46. Bf6+ Ke6 47. g4 Bf3 48. Ra1 Rc2 0-1


[Site "https://www.chess.com"]

[Event "Titled Tuesday Blitz April 12 Late 2022"]
[White "Karas, Marek"]
[Black "Bortnyk, Olexandr"]
[WhiteFideId "14928558"]
[BlackFideId "14120828"]
[WhiteElo "2271"]
[BlackElo "2723"]
[Result "0-1"]
[Round "01"]
[TimeControl "180+1"]
[Date "2022.04.12"]
[WhiteClock "0:00:03"]
[BlackClock "0:00:04"]

1. d4 d6 2. e4 Nf6 3. Nc3 Nbd7 4. Nf3 e5 5. Bc4 Be7 6. O-O c6 7. a4 Qc7 8. Re1 h6 9. Bd3 g5 10. h3 Nf8 11. Ne2 g4 12. hxg4 Bxg4 13. dxe5 dxe5 14. Ng3 Ng6 15. Be3 Nh4 16. Be2 Rd8 17. Qc1 Bxf3 18. Bxf3 Nxf3+ 19. gxf3 Rg8 20. Kf1 Qa5 21. Nf5 Qa6+ 22. c4 Bb4 23. Re2 h5 24. Bg5 Rg6 25. Bxf6 Rxf6 26. Qg5 Rg6 27. Qxh5 Qxc4 28. Qh8+ Kd7 29. Rd1+ Bd6 30. Nxd6 Rg1+ 31. Kxg1 Qxe2 32. Qh3+ Kc7 33. Ne8+ Rxe8 34. Qd7+ Kb6 35. a5+ Ka6 36. Qxe8 Qxd1+ 37. Kg2 f6 38. b4 Qd2 39. Qe7 Qg5+ 40. Kf1 b6 41. axb6 axb6 42. Qd6 Kb5 43. Ke2 Qc1 44. Qxf6 Qc4+ 45. Ke1 Qc1+ 46. Ke2 Qc4+ 47. Ke1 Qxb4+ 48. Kf1 Qc3 49. Kg2 c5 50. f4 Qd4 51. Qxe5 Qd8 52. Qb2+ Kc6 53. Kf3 Qd3+ 54. Kg4 Qxe4 55. Qf6+ Kb5 56. Qb2+ Kc4 57. Qc1+ Kd5 58. Qd2+ Ke6 59. Qa2+ Kd6 60. Qd2+ Kc6 61. Qe3 Qg6+ 62. Kf3 Qh5+ 63. Ke4 Qd5# 0-1


[Site "https://www.chess.com"]